 Dungeon Crawl Stone Soup version 0.21.1-1-g345015fe64 (webtiles) character file.

5793 KleinerIrrer the Pandemonic (level 10, -4/88 HPs)
             Began as a Deep Dwarf Fighter on Apr 12, 2018.
             Was a High Priest of Makhleb.
             Slain by an orc knight
             ... wielding a +0 war axe
              (18 damage)
             ... in a bailey.
             The game lasted 00:04:48 (7056 turns).

KleinerIrrer the Pandemonic (Deep Dwarf Fighter)    Turns: 7056, Time: 00:04:48

Health: -4/88      AC: 15    Str: 27    XL:     10   Next: 50%
Magic:  15/15      EV:  7    Int: 10    God:    Makhleb [*****.]
Gold:   211        SH: 10    Dex: 12    Spells: 9/9 levels left

rFire    . . .     SeeInvis .   Y - +0 war axe
rCold    . . .     Gourm    .   c - +0 shield
rNeg     . . .     Faith    .   m - +0 chain mail
rPois    .         Spirit   .   (no helmet)
rElec    .         Reflect  .   (no cloak)
rCorr    .         Harm     .   h - +1 pair of gloves
MR       ++...                  o - +2 pair of boots
Stlth    ..........             (no amulet)
HPRegen  0.00/turn              g - ring of protection from magic
MPRegen  0.14/turn              (no ring)

@: mighty, non-regenerating
A: damage resistance, heal wounds, sense surroundings 2, no regeneration
a: Heal Wounds, Minor Destruction, Lesser Servant of Makhleb, Major Destruction,
Greater Servant of Makhleb, Renounce Religion


You were in a bailey.
You worshipped Makhleb.
Makhleb was extremely pleased with you.
You were not hungry.

You visited 1 branch of the dungeon, and saw 9 of its levels.
You also visited: Sewer and Bailey.

You collected 408 gold pieces.
You spent 197 gold pieces at shops.


Innate Abilities, Weirdness & Mutations

You are resistant to damage.
You can heal yourself by infusing magical energy.
You passively map the area around you.
You do not regenerate.


   Skills:
 - Level 5.0 Fighting
 + Level 11.1 Axes
 - Level 5.0 Armour
 - Level 3.1 Dodging
 - Level 3.2 Shields
 + Level 12.9 Invocations


You had 9 spell levels left.
You didn't know any spells.

Inventory:

Hand Weapons
 a - a +1 flail of protection
 Y - a +0 war axe (weapon)
Missiles
 q - 6 tomahawks
 r - 7 javelins (quivered)
Armour
 c - a +0 shield (worn)
 h - a +1 pair of gloves (worn)
 m - a +0 chain mail (worn)
 o - a +2 pair of boots (worn)
Jewellery
 g - a ring of protection from magic (left hand)
Wands
 b - a wand of flame (19)
Scrolls
 i - 6 scrolls of remove curse
 j - a scroll of noise {unknown}
 k - 6 scrolls of teleportation
 p - 3 scrolls of identify
Potions
 d - 5 potions of might
 f - 6 potions of curing
 s - a potion of resistance
 v - a potion of haste
 x - a potion of mutation
Comestibles
 e - 15 rations
 l - 5 chunks of flesh

Dungeon Overview and Level Annotations

Branches:
Dungeon (9/15)             Temple (0/1) D:5
   Lair: D:8-11         Orc: D:9-12

Altars:
Ashenzari
Dithmenos
Elyvilon
Kikubaaqudgha
Makhleb
Nemelex Xobeh
Okawaru
Ru
Trog
Vehumet
Wu Jian
Xom
Zin
The Shining One

Shops:
D:6 *


Message History

The orc knight is lightly wounded.
The orc knight hits you with a war axe!
The kobold throws a tomahawk of returning.
The tomahawk of returning hits you but does no damage.
The weapon returns to the kobold!
Lua error: [string "/dgldir/rcfiles/crawl-0.21/KleinerIrrer.rc"]:8182: Error in coroutine: cannot resume dead coroutine You barely miss the orc knight.
The orc knight is lightly wounded.
You block the orc knight's attack.
The kobold throws a tomahawk of returning.
The tomahawk of returning hits you but does no damage.
Lua error: [string "/dgldir/rcfiles/crawl-0.21/KleinerIrrer.rc"]:8182: Error in coroutine: cannot resume dead coroutine Your shield and chain mail prevent you from hitting the orc knight.
The orc knight is lightly wounded.
The orc knight hits you with a war axe!
Lua error: [string "/dgldir/rcfiles/crawl-0.21/KleinerIrrer.rc"]:8182: Error in coroutine: cannot resume dead coroutine You slice the orc knight!!
The orc knight is heavily wounded.
The orc knight hits you with a war axe!!
You die...

#'###~.~###'#
#..KK~.~K...#
#'###~(~###'#
#...K~(~....#
#K###~(~###'#
#...K~(~KK..#
#'###~(~###'#
#^...~.~....#
######@######
#)o)# #...#
#...# ##+##*
, , , , , * ,
*


You could see an orc knight and 5 kobolds.

Vanquished Creatures
  A two-headed ogre (D:7)
  The ghost of matti1234 the Vexing, a novice FoAM of Ru (D:5)
  A polar bear (D:8)
  Prince Ribbit (D:6)
  A hippogriff (D:8)
  A yak (D:8)
  Sigmund (D:6)
  Eustachio (D:6)
  The ghost of matti1234 the Vexing, an amateur FoAM (D:4)
  A hungry ghost (D:8)
  The ghost of Unreal the Poker, an amateur MfSk (D:3)
  A black bear (D:9)
  An orc warrior (D:7)
  A sky beast (D:6)
  2 ice beasts
  A necrophage (D:7)
  4 ogres
  2 phantoms
  A wolf (D:8)
  3 centaurs
  3 bullfrogs
  2 scorpions
  4 killer bees (D:9)
  A howler monkey (D:6)
  An electric eel (D:8)
  5 crimson imps
  A bullfrog zombie (D:6)
  A quasit (D:5)
  4 hounds
  8 orc priests
  12 orc wizards
  Jessica (D:2)
  Terence (D:2)
  An iguana (D:8)
  7 worker ants
  A killer bee zombie (D:8)
  16 adders
  7 river rats (Sewer)
  3 oozes
  3 adder zombies
  2 adder skeletons
  8 worms
  2 dart slugs
  3 leopard geckos
  31 orcs
  6 giant cockroaches
  8 goblins
  7 hobgoblins
  12 jackals
  10 kobolds
  2 quokkas
  12 ball pythons
  8 bats
  7 frilled lizards
  A giant cockroach zombie (D:6)
  A leopard gecko skeleton (D:7)
  31 rats
260 creatures vanquished.

Notes
Turn   | Place    | Note
-------+----------+-------------------------------------------
     0 | D:1      | KleinerIrrer the Deep Dwarf Fighter began the quest for the Orb.
     0 | D:1      | Reached XP level 1. HP: 20/20 MP: 1/1
     0 | D:1      | 0 ||| counter = 68
   156 | D:1      | 156 ||| DROPPING club.
   238 | D:1      | Reached skill level 3 in Axes
   258 | D:1      | Reached XP level 2. HP: 22/27 MP: 2/2
   315 | D:1      | Reached skill level 1 in Dodging
   618 | D:1      | Found a sparkling altar of Nemelex Xobeh.
   958 | D:1      | 958 ||| UPGRADING to chain mail.
   968 | D:1      | 968 ||| DROPPING +0 scale mail.
   969 | D:1      | 969 ||| UPGRADING to pair of embroidered boots.
   974 | D:1      | 974 ||| READING 2 scrolls labeled YFEFIN CEKKIMMU.
   975 | D:1      | 975 ||| READING scroll labeled YSASIMMYRAC.
   976 | D:1      | 976 ||| READING scroll labeled BUGHAS AXADENK.
   977 | D:1      | 977 ||| READING scroll labeled QIROHE FERGHEUS.
   978 | D:1      | 978 ||| READING 2 scrolls labeled TUINGOM OLEGAMM.
   982 | D:1      | 982 ||| READING 2 scrolls labeled QAFIV JOCLA.
   983 | D:1      | 983 ||| READING 2 scrolls labeled OKIVVADULO.
   984 | D:1      | 984 ||| DROPPING scroll of blinking.
   985 | D:1      | 985 ||| DROPPING scroll of fog.
  1101 | D:2      | Reached XP level 3. HP: 10/33 MP: 3/3
  1102 | D:2      | 1102 ||| INVOKING Heal Wounds.
  1258 | D:2      | Noticed Jessica
  1277 | D:2      | Killed Jessica
  1277 | D:2      | Reached XP level 4. HP: 27/40 MP: 4/4
  1446 | D:2      | Noticed Terence
  1465 | D:2      | Killed Terence
  1465 | D:2      | Reached XP level 5. HP: 31/46 MP: 5/5
  1491 | D:2      | 1491 ||| DROPPING mace.
  1578 | D:2      | Found a burning altar of Makhleb.
  1617 | D:2      | Became a worshipper of Makhleb the Destroyer
  1702 | D:2      | 1702 ||| UPGRADING to flail.
  1703 | D:2      | 1703 ||| SWAPPING to +0 war axe.
  1756 | D:2      | Found a faded altar of an unknown god.
  1963 | D:2      | Found a bloodstained altar of Trog.
  1971 | D:2      | 1971 ||| READING 5 scrolls of identify.
  1971 | D:2      | 1971 ||| IDENTIFYING marble ring
  1972 | D:2      | 1972 ||| UPGRADING to ring of protection from magic.
  1973 | D:2      | 1973 ||| READING 4 scrolls of identify.
  1973 | D:2      | 1973 ||| IDENTIFYING brown potion
  1974 | D:2      | 1974 ||| READING 3 scrolls of identify.
  1974 | D:2      | 1974 ||| IDENTIFYING inky potion
  1975 | D:2      | 1975 ||| DROPPING potion of invisibility.
  1998 | D:3      | Reached skill level 1 in Invocations
  2018 | D:3      | Reached skill level 6 in Axes
  2018 | D:3      | Reached skill level 2 in Invocations
  2027 | D:3      | 2027 ||| UPGRADING to flail of protection.
  2028 | D:3      | 2028 ||| SWAPPING to +0 war axe.
  2029 | D:3      | 2029 ||| DROPPING +0 flail.
  2046 | D:3      | Found a shattered altar of Ashenzari.
  2063 | D:3      | Noticed Unreal's ghost (amateur MfSk)
  2072 | D:3      | Killed Unreal's ghost
  2072 | D:3      | Reached skill level 3 in Invocations
  2072 | D:3      | Reached XP level 6. HP: 27/55 MP: 6/8
  2269 | D:3      | Reached * piety under Makhleb
  2441 | D:3      | 2441 ||| INVOKING Heal Wounds.
  2691 | D:3      | 2691 ||| UPGRADING to blackened copper amulet.
  2692 | D:3      | 2692 ||| REMOVING amulet of the gourmand.
  2693 | D:3      | 2693 ||| DROPPING amulet of the gourmand.
  2694 | D:3      | 2694 ||| READING 2 scrolls of identify.
  2694 | D:3      | 2694 ||| IDENTIFYING fizzy yellow potion
  2695 | D:3      | 2695 ||| DROPPING potion of berserk rage.
  2791 | D:4      | Found a shimmering altar of Xom.
  2873 | D:4      | Reached skill level 4 in Invocations
  3010 | D:4      | Found a glowing silver altar of Zin.
  3021 | D:4      | Found an ornate altar of the Wu Jian Council.
  3133 | D:4      | 3133 ||| INVOKING Heal Wounds.
  3207 | D:4      | Noticed matti1234's ghost (amateur FoAM)
  3226 | D:4      | Killed matti1234's ghost
  3226 | D:4      | Reached XP level 7. HP: 49/61 MP: 10/10
  3257 | D:4      | Found a white marble altar of Elyvilon.
  3307 | D:4      | Found a glowing drain.
  3308 | D:4      | 3308 ||| Found Sewer.
  3340 | Sewer    | Entered a sewer
  3341 | Sewer    | 3341 ||| Entered Sewer.
  3353 | Sewer    | 3353 ||| Stepping ~*~*~tactically~*~*~ (water).
  3365 | Sewer    | Reached ** piety under Makhleb
  3367 | Sewer    | 3367 ||| Stepping ~*~*~tactically~*~*~ (water).
  3377 | Sewer    | 3377 ||| Stepping ~*~*~tactically~*~*~ (water).
  3452 | Sewer    | 3452 ||| Stepping ~*~*~tactically~*~*~ (water).
  3513 | Sewer    | Reached skill level 3 in Fighting
  3648 | Sewer    | Reached *** piety under Makhleb
  3651 | Sewer    | Reached skill level 5 in Invocations
  3704 | Sewer    | 3704 ||| READING 2 scrolls labeled HYTORRUCVUUNK.
  3705 | Sewer    | 3705 ||| READING scroll labeled ULENYZ FEILIL.
  3706 | Sewer    | 3706 ||| DRINKING 3 sedimented red potions.
  3707 | Sewer    | 3707 ||| DRINKING 2 emerald potions.
  3708 | Sewer    | 3708 ||| DROPPING potion of magic.
  3709 | Sewer    | 3709 ||| DROPPING scroll of magic mapping.
  3843 | D:4      | 3843 ||| DRINKING 2 lumpy yellow potions.
  3858 | D:5      | Entered Level 5 of the Dungeon
  4054 | D:5      | Found a sacrificial altar of Ru.
  4069 | D:5      | Reached skill level 6 in Invocations
  4069 | D:5      | Reached XP level 8. HP: 69/69 MP: 12/12
  4145 | D:5      | Noticed matti1234's ghost (novice FoAM)
  4175 | D:5      | Killed matti1234's ghost
  4175 | D:5      | Reached skill level 9 in Axes
  4175 | D:5      | Reached skill level 7 in Invocations
  4282 | D:5      | Found a staircase to the Ecumenical Temple.
  4321 | D:5      | Found an ancient bone altar of Kikubaaqudgha.
  4698 | D:6      | Noticed Prince Ribbit
  4718 | D:6      | 4718 ||| INVOKING Heal Wounds.
  4720 | D:6      | Found an iron altar of Okawaru.
  4771 | D:6      | 4771 ||| INVOKING Heal Wounds.
  4776 | D:6      | Reached skill level 8 in Invocations
  4783 | D:6      | 4783 ||| INVOKING Heal Wounds.
  4926 | D:6      | Noticed Eustachio
  4947 | D:6      | Killed Eustachio
  5013 | D:6      | Reached skill level 9 in Invocations
  5022 | D:6      | Killed Prince Ribbit
  5022 | D:6      | Gained mutation: You passively map the area around you. [Deep Dwarf growth]
  5022 | D:6      | Reached XP level 9. HP: 63/76 MP: 14/16
  5059 | D:6      | Reached **** piety under Makhleb
  5070 | D:6      | Found Isonob's Assorted Antiques.
  5078 | D:6      | Bought a scroll of remove curse for 75 gold pieces
  5078 | D:6      | Bought a scroll of remove curse for 75 gold pieces
  5078 | D:6      | Bought a scroll labeled EHOHES EVYDGHI for 25 gold pieces
  5078 | D:6      | Bought a blue potion for 22 gold pieces
  5100 | D:6      | Noticed Sigmund
  5112 | D:6      | Killed Sigmund
  5420 | D:6      | Found an ancient bone altar of Kikubaaqudgha.
  5508 | D:6      | 5508 ||| UPGRADING to thick jasper amulet.
  5509 | D:6      | 5509 ||| REMOVING amulet of regeneration.
  5510 | D:6      | 5510 ||| DROPPING amulet of regeneration.
  5511 | D:6      | 5511 ||| READING scroll labeled EHOHES EVYDGHI.
  5512 | D:6      | 5512 ||| DRINKING 2 purple potions.
  5513 | D:6      | 5513 ||| READING 5 scrolls of identify.
  5513 | D:6      | 5513 ||| IDENTIFYING golden potion
  5514 | D:6      | 5514 ||| READING 4 scrolls of identify.
  5514 | D:6      | 5514 ||| IDENTIFYING sedimented blue potion
  5515 | D:6      | 5515 ||| READING 3 scrolls of identify.
  5515 | D:6      | 5515 ||| IDENTIFYING white potion
  5516 | D:6      | 5516 ||| READING 2 scrolls of identify.
  5516 | D:6      | 5516 ||| IDENTIFYING blue potion
  5517 | D:6      | 5517 ||| DROPPING potion of agility.
  5518 | D:6      | 5518 ||| DROPPING potion of flight.
  5519 | D:6      | 5519 ||| DROPPING potion of brilliance.
  5609 | D:7      | Found a glowing golden altar of the Shining One.
  5681 | D:7      | Reached skill level 10 in Invocations
  5693 | D:7      | Noticed a two-headed ogre
  5706 | D:7      | 5706 ||| INVOKING Heal Wounds.
  5706 | D:7      | HP: 15/78 [two-headed ogre/giant club (16)]
  5707 | D:7      | 5707 ||| READING 8 scrolls of teleportation.
  5712 | D:7      | 5712 ||| READING 7 scrolls of teleportation.
  5712 | D:7      | HP: 9/78 [two-headed ogre/giant club (6)]
  5713 | D:7      | 5713 ||| DRINKING 3 potions of heal wounds.
  5714 | D:7      | 5714 ||| DRINKING 2 potions of heal wounds.
  5715 | D:7      | 5715 ||| INVOKING Heal Wounds.
  5728 | D:7      | Killed a two-headed ogre
  5744 | D:7      | Found a shadowy altar of Dithmenos.
  5775 | D:7      | Reached skill level 11 in Invocations
  5801 | D:7      | 5801 ||| INVOKING Heal Wounds.
  5806 | D:7      | 5806 ||| INVOKING Heal Wounds.
  5864 | D:7      | 5864 ||| INVOKING Heal Wounds.
  5999 | D:7      | Found a radiant altar of Vehumet.
  6107 | D:7      | Reached XP level 10. HP: 50/85 MP: 17/17
  6108 | D:7      | 6108 ||| INVOKING Heal Wounds.
  6211 | D:7      | 6211 ||| UPGRADING to pair of gloves.
  6216 | D:7      | 6216 ||| READING scroll of enchant armour.
  6216 | D:7      | 6216 ||| ENCHANTING +0 pair of gloves.
  6277 | D:8      | Reached skill level 3 in Dodging
  6376 | D:8      | Reached skill level 12 in Invocations
  6462 | D:8      | 6462 ||| INVOKING Heal Wounds.
  6518 | D:8      | Reached ***** piety under Makhleb
  6560 | D:8      | 6560 ||| Stepping ~*~*~tactically~*~*~ (water).
  6562 | D:8      | 6562 ||| INVOKING Heal Wounds.
  6641 | D:8      | 6641 ||| EATING 13 rations.
  6856 | D:9      | Found a flagged portal.
  6961 | D:9      | 6961 ||| INVOKING Heal Wounds.
  7021 | Bailey   | Entered a bailey
  7045 | Bailey   | Noticed an orc knight
  7048 | Bailey   | HP: 6/88 [orc knight/war axe (17)]
  7053 | Bailey   | HP: 19/88 [orc knight/war axe (7)]
  7056 | Bailey   | Slain by an orc knight

Vault maps used:
D:1:      evilmike_arrival_rings, nemelex_diamond_rough_becter
D:2:      lemuel_crystal_altar, bloody_makhleb,
          chequers_ecumenical_altar_island, uniq_jessica, uniq_terence
D:3:      nicolae_overflow_crystal_walls
D:4:      xom_teletrap_fun, amethyst_overflow_temple_binary,
          cheibrodos_sewer_entry_bend, minivault_24, lemuel_tele_altar
D:5:      nicolae_ru_great_annihilating_truth, nicolae_overflow_hidden_temple,
          minmay_temple_entry_nine_rooms, first_ration
D:6:      old_standard_altar, serial_shops, nicolae_shop_crystal,
          kennysheep_small_circle, uniq_eustachio, uniq_prince_ribbit1,
          uniq_sigmund
D:7:      lemuel_crystal_altar, lemuel_doored_altar, old_standard_altar
D:8:      serial_ice, serial_ice_n, serial_ice_m, serial_ice_d, serial_ice_j,
          serial_ice_g
D:9:      old_standard_altar, enter_bailey_2, the_bakery
Sewer:    sewer_minmay_w
Bailey:   bailey_axe_1, bailey

Skill      XL: |  1  2  3  4  5  6  7  8  9 10 |
---------------+-------------------------------+-----
Axes           | 3 4 5 6 7 8 10 11 | 11.1
Dodging        | 1 2 3 |  3.1
Invocations    | 3 4 6 9 11 12 | 12.9
Fighting       | 3 4 5 |  5.0
Armour         | 4 5 |  5.0
Shields        | |  3.2

Action                   |  1- 3 |  4- 6 |  7- 9 | 10-12 || total
-------------------------+-------+-------+-------+-------++-------
Melee: War axe           |   101 |   232 |   529 |   196 ||  1058
Throw: Tomahawk          |     4 |    44 |    97 |       ||   145
       Javelin           |       |       |     6 |    20 ||    26
 Abil: Heal Wounds       |     1 |     2 |     7 |     4 ||    14
  Use: Scroll            |     7 |     4 |     9 |     1 ||    21
       Potion            |       |       |     6 |     2 ||     8
 Stab: Paralysed         |       |       |     2 |       ||     2
  Eat: Chunk             |     1 |     7 |    11 |     6 ||    25
Armor: Scale mail        |    30 |       |       |       ||    30
       Chain mail        |    23 |   116 |   268 |   198 ||   605
Dodge: Dodged            |    20 |    45 |    94 |    82 ||   241
Block: Shield            |    49 |    98 |   240 |   149 ||   536

Table legend:
 A = Spawn XP
 B = Non-spawn XP
 C = Spawn XP percentage of total XP
 D = Spawn monster count
 E = Non-spawn monster count
 F = Spawn count percentage of total count
 G = Total turns spent on level
                    A         B        C        D         E        F      G
               +---------+---------+-------+---------+---------+-------+---------
         Total |       0 |    8277 |   0.0 |       0 |     260 |   0.0 |  7056
               +---------+---------+-------+---------+---------+-------+---------
           D:1 |       0 |      28 |   0.0 |       0 |      19 |   0.0 |  1031
           D:2 |       0 |     204 |   0.0 |       0 |      34 |   0.0 |   964
           D:3 |       0 |     302 |   0.0 |       0 |      27 |   0.0 |   743
           D:4 |       0 |     344 |   0.0 |       0 |      14 |   0.0 |   748
           D:5 |       0 |     910 |   0.0 |       0 |      25 |   0.0 |   825
           D:6 |       0 |    1276 |   0.0 |       0 |      22 |   0.0 |   863
           D:7 |       0 |    2110 |   0.0 |       0 |      30 |   0.0 |   682
           D:8 |       0 |    1908 |   0.0 |       0 |      28 |   0.0 |   619
           D:9 |       0 |     772 |   0.0 |       0 |      10 |   0.0 |   174
         Sewer |       0 |     416 |   0.0 |       0 |      48 |   0.0 |   372
        Bailey |       0 |       7 |   0.0 |       0 |       3 |   0.0 |    35
               +---------+---------+-------+---------+---------+-------+---------
